 Dungeon Crawl Stone Soup version 0.30-a0-459-g9104f0fc43 (webtiles) character file.

Game seed: 6122178365436264286

416 billz999 the Skirmisher (level 6, -1/51 HPs)
             Began as a Gnoll Hunter on Dec 15, 2022.
             Was an Initiate of Ru.
             Shot with an arrow by a centaur (11 damage)
             ... on level 5 of the Dungeon.
             The game lasted 00:06:29 (3377 turns).

billz999 the Skirmisher (Gnoll Hunter)              Turns: 3377, Time: 00:06:29

Health: -1/51      AC:  4    Str: 10    XL:     6   Next: 92%
Magic:  9/9        EV: 14    Int:  8    God:    Ru [......]
Gold:   234        SH:  0    Dex: 18    Spells: 9/9 levels left

rFire   . . .      SeeInvis .    a - +0 shortbow
rCold   . . .      Faith    .    (shield currently unavailable)
rNeg    . . .      Spirit   .    c - +1 leather armour
rPois   .          Reflect  .    (no helmet)
rElec   .          Harm     .    (no cloak)
rCorr   .          Rampage  .    (no gloves)
Will    .....                    (no boots)
Stlth   ++........               (no amulet)
HPRegen 0.28/turn                (no ring)
MPRegen 0.11/turn                (no ring)

@: no status effects
A: fangs 1, strong nose, distributed training
a: Renounce Religion


You were on level 5 of the Dungeon.
You worshipped Ru.
Ru was noncommittal.
You visited 1 branch of the dungeon, and saw 5 of its levels.

You collected 234 gold pieces.

Inventory:

Hand Weapons
 a - a +0 shortbow (weapon)
 j - a +0 dagger of speed
Armour
 c - a +1 leather armour (worn)
Scrolls
 b - a scroll of immolation
 g - 3 scrolls of identify
 h - a scroll of noise
 k - a scroll of magic mapping {unknown}
 l - a scroll of vulnerability {unknown}
 o - a scroll of butterflies
Potions
 d - a potion of flight {unknown}
 e - a potion of might {unknown}
 f - a potion of heal wounds
 i - 2 potions of curing {unknown}
 m - a potion of attraction {unknown}
 n - 2 potions of degeneration {unknown}
 p - a potion of brilliance {unknown}


   Skills:
 + Level 5.1 Fighting
 + Level 2.2 Short Blades
 + Level 2.2 Long Blades
 + Level 2.2 Axes
 + Level 2.2 Maces & Flails
 + Level 2.2 Polearms
 + Level 2.2 Staves
 + Level 8.8 Ranged Weapons
 + Level 2.2 Throwing
 + Level 2.2 Armour
 + Level 5.1 Dodging
 + Level 3.3 Stealth
 + Level 2.2 Shields
 + Level 2.2 Unarmed Combat
 + Level 2.2 Spellcasting
 + Level 1.8 Conjurations
 + Level 1.8 Hexes
 + Level 1.8 Summonings
 + Level 1.8 Necromancy
 + Level 1.8 Translocations
 + Level 1.8 Transmutations
 + Level 1.8 Fire Magic
 + Level 1.8 Ice Magic
 + Level 1.8 Air Magic
 + Level 1.8 Earth Magic
 + Level 1.8 Poison Magic
 + Level 2.5 Invocations
 + Level 2.2 Evocations


You had 9 spell levels left.
You didn't know any spells.
Your spell library contained the following spells:

 Spells                   Type           Power      Damage    Failure   Level
 Ensorcelled Hibernation  Hex/Ice        6%         N/A       32%         2
 Hailstorm                Conj/Ice       3%         3d3       54%         3
 Ozocubu's Armour         Ice            3%         N/A       54%         3
 Ozocubu's Refrigeration  Ice            1%         4d7       100%        7


Dungeon Overview and Level Annotations

Branches:
Dungeon (5/15)             Temple (0/1) D:5

Altars:
Dithmenos
Fedhas
Ru
Trog
Wu Jian
Yredelemnul
Zin

Shops:
D:2 [*:=:   D:3 !


Innate Abilities, Weirdness & Mutations

You have very sharp teeth.
Your uncanny sense of smell can sniff out nearby items.
Your experience applies equally to all skills.


Message History

No target in view!
l - a scroll labelled KOYNGA LEOHUA You now have 234 gold pieces (gained 3).
m - a cyan potion
Items here: ( )) [ ††.
Found a staircase to the Ecumenical Temple.
No target in view!
You hear the brisk rusting of a very distant drain.
Found a stone staircase leading down.
No target in view!
A centaur comes into view.
The centaur wields a +0 shortbow.
The centaur shoots an arrow.
The arrow hits you!
You hear an angry hiss.
You shoot an arrow. The arrow hits the centaur.
The centaur is lightly wounded.
The centaur shoots an arrow.
The arrow barely misses you.
A centaur is nearby!
You shoot an arrow. The arrow barely misses the centaur.
The centaur shoots an arrow.
The arrow barely misses you.
An adder comes into view.
There are monsters nearby!
You shoot an arrow. The arrow hits the adder!
The adder is almost dead.
You shoot an arrow. The arrow hits the adder.
You kill the adder!
The centaur shoots an arrow.
The arrow hits you.
You shoot an arrow.
The arrow completely misses the centaur.
The centaur shoots an arrow.
The arrow closely misses you.
The centaur shoots an arrow.
The arrow hits you!
The centaur shoots an arrow.
The arrow barely misses you.
You hear a bark!
The centaur shoots an arrow.
The arrow hits you!
The centaur shoots an arrow.
The arrow hits you!
* * * LOW HITPOINT WARNING * * *
The centaur shoots an arrow.
The arrow misses you.
The centaur shoots an arrow.
The arrow misses you.
The centaur shoots an arrow.
The arrow hits you!
You die...

#.####÷.#....# #.##.
∆......#..## #....
..###.....## ## # #>
#...#..## ##.### #
......#...## ......
##..#.#.#..## ##.##.
.....###....## #.##.
..#...#...#..## #....
.. #....@#....## ###..
##.>.#####..########..
#.....#....###<.......
#...#c..#..##
#######..
....###.....## #..
...# #.#.....######
#.. .#. #.....#......#
... #
#..#########$.c#...
.... ###>....


You could see a centaur.

Vanquished Creatures
  An ogre (D:5)
  A scorpion (D:4)
  A hound (D:5)
  Terence (D:2)
  An iguana (D:5)
  6 adders
  3 gnolls
  A white imp (D:5)
  3 worms
  4 dart slugs
  An orc (D:3)
  4 bats
  8 endoplasms
  3 giant cockroaches
  14 goblins
  10 hobgoblins
  5 quokkas
  8 ball pythons
  5 frilled lizards
  9 kobolds
  A rat (D:3)
90 creatures vanquished.

Vanquished Creatures (others)
  2 plants (D:2)
2 creatures vanquished.

Grand Total: 92 creatures vanquished

Notes
Turn   | Place    | Note
-------+----------+-------------------------------------------
     0 | D:1      | billz999 the Gnoll Hunter began the quest for the Orb.
     0 | D:1      | Reached XP level 1. HP: 20/20 MP: 1/1
   110 | D:1      | Reached XP level 2. HP: 26/26 MP: 2/2
   481 | D:1      | Reached XP level 3. HP: 31/31 MP: 3/3
   840 | D:2      | Reached skill level 1 in Invocations
   879 | D:2      | Found Wuiff's Armour Emporium.
   900 | D:2      | Found Zeqieje's Assorted Antiques.
   907 | D:2      | Reached skill level 1 in Short Blades
   907 | D:2      | Reached skill level 1 in Long Blades
   907 | D:2      | Reached skill level 1 in Axes
   907 | D:2      | Reached skill level 1 in Maces & Flails
   907 | D:2      | Reached skill level 1 in Polearms
   907 | D:2      | Reached skill level 1 in Staves
   907 | D:2      | Reached skill level 1 in Throwing
   907 | D:2      | Reached skill level 1 in Armour
   907 | D:2      | Reached skill level 1 in Shields
   907 | D:2      | Reached skill level 1 in Unarmed Combat
   907 | D:2      | Reached skill level 1 in Spellcasting
   907 | D:2      | Reached skill level 1 in Evocations
   985 | D:2      | Reached XP level 4. HP: 38/38 MP: 5/5
  1070 | D:2      | Reached skill level 1 in Conjurations
  1070 | D:2      | Reached skill level 1 in Hexes
  1070 | D:2      | Reached skill level 1 in Summonings
  1070 | D:2      | Reached skill level 1 in Necromancy
  1070 | D:2      | Reached skill level 1 in Translocations
  1070 | D:2      | Reached skill level 1 in Transmutations
  1070 | D:2      | Reached skill level 1 in Fire Magic
  1070 | D:2      | Reached skill level 1 in Ice Magic
  1070 | D:2      | Reached skill level 1 in Air Magic
  1070 | D:2      | Reached skill level 1 in Earth Magic
  1070 | D:2      | Reached skill level 1 in Poison Magic
  1107 | D:2      | Found Maywn's Book Emporium.
  1177 | D:2      | Found Afuxarol's Book Shop.
  1225 | D:2      | Found Raciare's Jewellery Shoppe.
  1300 | D:2      | Noticed Terence
  1304 | D:2      | Killed Terence
  1530 | D:3      | Found a faded altar of an unknown god.
  1545 | D:3      | Reached XP level 5. HP: 43/43 MP: 7/7
  1732 | D:3      | Found a bloodstained altar of Trog.
  1777 | D:3      | Found Fieceav's Distillery.
  1923 | D:3      | Found a shadowy altar of Dithmenos.
  2127 | D:3      | Found a glowing silver altar of Zin.
  2419 | D:4      | Got Tatuah's Parchment of the Blizzard
  2551 | D:4      | Reached XP level 6. HP: 26/50 MP: 8/8
  2975 | D:5      | Entered Level 5 of the Dungeon
  2987 | D:4      | Reached skill level 5 in Fighting
  2987 | D:4      | Reached skill level 5 in Dodging
  3104 | D:5      | Found a sacrificial altar of Ru.
  3290 | D:5      | Found a basalt altar of Yredelemnul.
  3292 | D:5      | Found a blossoming altar of Fedhas.
  3292 | D:5      | Found an ornate altar of the Wu Jian Council.
  3296 | D:5      | Became a worshipper of Ru the Awakened
  3339 | D:5      | Found a staircase to the Ecumenical Temple.
  3377 | D:5      | Shot with an arrow by a centaur

Illustrated notes

Levels and vault maps discovered:
D:1:      kennysheep_arrival_forest, layout_loops_ring
D:2:      layout_loops_cross, serial_shops, nicolae_square_shop, shop,
          nicolae_shop_overgrown_old_shop, shop, shop, dk_noncrumbling_2,
          uniq_terence
D:3:      layout_rooms, mainiacjoe_overflow_24_doors, zin_treasury,
          trog_three_pillars_becter, serial_shops, shop,
          nicolae_ecumenical_pavilion, grunt_decor_mini_mirrors,
          minmay_misc_feat_tower, minmay_misc_feat_enclosed,
          roderic_roman_lattice, chequers_serial_rivers_micro_e
D:4:      layout_loops_ring, minivault_19, minmay_goblin_outpost
D:5:      layout_basic, mainiacjoe_overflow_paths,
          chequers_temple_overflow_statue_of_worship,
          minmay_temple_entry_arrows, portal_sewer_entry_b,
          lexackson_kobold_supper

Skill      XL: |  1  2  3  4  5  6 |
---------------+-------------------+-----
Invocations    | 1 2 |  2.5
Short Blades   | 1 2 |  2.2
Long Blades    | 1 2 |  2.2
Axes           | 1 2 |  2.2
Maces & Flails | 1 2 |  2.2
Polearms       | 1 2 |  2.2
Staves         | 1 2 |  2.2
Throwing       | 1 2 |  2.2
Armour         | 1 2 |  2.2
Shields        | 1 2 |  2.2
Unarmed Combat | 1 2 |  2.2
Spellcasting   | 1 2 |  2.2
Evocations     | 1 2 |  2.2
Conjurations   | 1 |  1.8
Hexes          | 1 |  1.8
Summonings     | 1 |  1.8
Necromancy     | 1 |  1.8
Translocations | 1 |  1.8
Transmutations | 1 |  1.8
Fire Magic     | 1 |  1.8
Ice Magic      | 1 |  1.8
Air Magic      | 1 |  1.8
Earth Magic    | 1 |  1.8
Poison Magic   | 1 |  1.8
Stealth        | 3 |  3.3
Fighting       | 5 |  5.1
Dodging        | 5 |  5.1
Ranged Weapons | |  8.8

Action                   |  1- 3 |  4- 6 || total
-------------------------+-------+-------++-------
 Fire: Shortbow          |    89 |   159 ||   248
  Use: Potion            |       |     1 ||     1
       Scroll            |       |     7 ||     7
Armor: Leather armour    |    11 |     9 ||    20
Dodge: Dodged            |    21 |    35 ||    56

Table legend: (Time is in decaauts)
 A = Elapsed time spent in this place.
 B = Non-inter-level travel time spent in this place.
 C = Inter-level travel time spent in this place.
 D = Time resting spent in this place.
 E = Time spent auto-exploring this place.
 F = Levels seen in this place.
 G = Mean time per level.
                   A        B        C        D        E       F      G
               +--------+--------+--------+--------+--------+-----+--------+
         Total |   3404 |   3277 |    127 |    100 |   2730 |   5 |  680.8 |
       Dungeon |   3404 |   3277 |    127 |    100 |   2730 |   5 |  680.8 |
               +--------+--------+--------+--------+--------+-----+--------+

Top non-repeatable levels by time:
     D:4: 863 daAuts
     D:1: 829 daAuts
     D:2: 717 daAuts
     D:3: 653 daAuts
     D:5: 341 daAuts
